 Dungeon Crawl Stone Soup version 0.23.2-1-ga50397a (webtiles) character file.

Game seed: 12817895201722475957

347 troglodite the Slasher (level 6, -1/49 HPs)
             Began as a Formicid Chaos Knight on May 15, 2019.
             Was a Plaything of Xom.
             Killed by nerve-wracking pain
             ... invoked by a shadow imp
             ... summoned by Xom
              (9 damage)
             ... on level 3 of the Dungeon.
             The game lasted 00:06:21 (2175 turns).

troglodite the Slasher (Formicid Chaos Knight)      Turns: 2175, Time: 00:06:22

Health: -1/49      AC:  5    Str: 16    XL:     6   Next: 90%
Magic:  15/15      EV: 12    Int: 12    God:    Xom [..*...]
Gold:   38         SH:  0    Dex: 14    Spells: 5/5 levels left

rFire    . . .     SeeInvis +   a - +0 falchion (chaos)
rCold    + . .     Gourm    .   (no shield)
rNeg     . . .     Faith    .   b - +2 leather armour
rPois    .         Spirit   .   (helmet unavailable)
rElec    .         Reflect  .   (no cloak)
rCorr    .         Harm     .   (no gloves)
MR       .....                  m - +0 pair of boots
Stlth    ++........             (no amulet)
HPRegen  0.16/turn              f - ring of protection from cold
MPRegen  0.14/turn              q - ring of magical power

@: no status effects
A: permanent stasis, dig shafts and tunnels, four strong arms, antennae 3,
talons 1, agile 1, deformed body, wild magic 1
a: Dig, Shaft Self, Renounce Religion


You were on level 3 of the Dungeon.
You worshipped Xom.
You were a toy of Xom.
You were very hungry.

You visited 1 branch of the dungeon, and saw 3 of its levels.

You collected 38 gold pieces.

Inventory:

Hand Weapons
 a - a +0 falchion of chaos (weapon)
Armour
 b - a +2 leather armour (worn)
 m - a +0 pair of boots (worn)
Jewellery
 f - a ring of protection from cold (left hand)
 q - a ring of magical power (right hand)
Scrolls
 d - 2 scrolls of enchant armour {unknown}
 g - 2 scrolls of remove curse {unknown}
 j - 2 scrolls of teleportation {unknown}
 l - a scroll of magic mapping {unknown}
 n - a scroll of amnesia {unknown}
 p - 3 scrolls of identify {unknown}
 r - a scroll of fog {unknown}
Potions
 e - a potion of heal wounds {unknown}
 h - a potion of mutation
 i - 2 potions of berserk rage {unknown}
 k - 2 potions of curing
 s - a potion of haste {unknown}
Comestibles
 c - 5 rations
 o - 3 chunks of flesh


   Skills:
 * Level 4.7 Fighting
 * Level 4.8 Long Blades
 * Level 3.1 Armour
 * Level 2.4 Dodging
 * Level 2.9 Stealth


You had 5 spell levels left.
You didn't know any spells.
Your spell library was empty.

Dungeon Overview and Level Annotations

Branches:
Dungeon (3/15)

Altars:


Innate Abilities, Weirdness & Mutations

You cannot be hasted, slowed, berserked, paralysed or teleported.
You can dig through walls and to a lower floor.
Your four strong arms can wield two-handed weapons with a shield.
You have a pair of large antennae on your head. (SInv)
You have sharp toenails.
You are agile. (Dex +2)
Armour fits poorly on your strangely shaped body.
Your spells are a little harder to cast, but a little more powerful.


Message History

* * * LOW HITPOINT WARNING * * *
Xom thinks this is hilarious!
Unknown command.
It was a potion of mutation.
You feel extremely strange.
You feel healthier.
Your thinking seems confused.
Your body's shape seems more normal.
Your body twists and deforms.
You feel agile.
You feel less in control of your magic.
It was a potion of curing.
You feel better.
The shadow imp picks up a beetle and eats it.
The shadow imp hits you.
* * * LOW HITPOINT WARNING * * *
You closely miss the shadow imp. The shadow imp hits you.
* * * LOW HITPOINT WARNING * * *
You hit the shadow imp.
The shadow imp's magic leaks into the air.
The shadow imp is lightly wounded.
The shadow imp gestures at you. Pain shoots through your body!
You die... "It was about time."

### ####### #.### .....#
#.... ..#.# #.#.. #.#.#
#.#.# #.#.#############
#.#.. #....55@))......#
#.###
###.###########.####.#.#
...# #...##.#.# #####
###.##.#.# #(##.#.#
#.##.#.# #.##.#..
#.#..### ##...# #


You could see a white imp and a shadow imp.

Vanquished Creatures
  Grinder (D:3)
  Natasha (thrice) (D:2)
  4 adders
  An ooze (D:2)
  A worm (D:2)
  2 dart slugs (D:2)
  2 leopard geckos (D:2)
  4 orcs (D:3)
  8 bats
  3 goblins
  2 hobgoblins (D:1)
  5 jackals (D:1)
  A quokka (D:2)
  2 frilled lizards
  4 kobolds
  6 rats
49 creatures vanquished.

Vanquished Creatures (others)
  A hobgoblin (D:3)
1 creature vanquished.

Grand Total: 50 creatures vanquished

Notes
Turn   | Place    | Note
-------+----------+-------------------------------------------
     0 | D:1      | troglodite the Formicid Chaos Knight began the quest for
                  | the Orb.
     0 | D:1      | Reached XP level 1. HP: 18/18 MP: 1/1
    58 | D:1      | Reached skill level 1 in Dodging
    66 | D:1      | Reached XP level 2. HP: 21/24 MP: 2/2
   295 | D:1      | XOM: harmless Ice miscast
   303 | D:1      | XOM: cloud trail
   312 | D:1      | Reached XP level 3. HP: 30/30 MP: 3/3
   384 | D:1      | XOM: harmless Tloc miscast
   857 | D:2      | XOM: give mutations
   857 | D:2      | Gained mutation: Your body sometimes deteriorates upon
                  | taking damage. [Xom's mischief]
   857 | D:2      | Gained mutation: You have sharp toenails. [Xom's mischief]
   857 | D:2      | Gained mutation: You possess an exceptional clarity of
                  | mind. [Xom's mischief]
   857 | D:2      | Gained mutation: Armour fits poorly on your strangely
                  | shaped body. [Xom's mischief]
   888 | D:2      | Noticed Natasha
   896 | D:2      | Killed Natasha
   896 | D:2      | Reached skill level 1 in Stealth
   896 | D:2      | Reached XP level 4. HP: 35/37 MP: 4/4
   899 | D:2      | XOM: swap monsters
  1077 | D:2      | Noticed Natasha
  1083 | D:2      | XOM: enchant monster (good)
  1106 | D:2      | HP: 1/37 [Natasha (6)]
  1108 | D:2      | Killed Natasha
  1108 | D:2      | Reached XP level 5. HP: 1/42 MP: 5/5
  1731 | D:2      | Noticed Natasha
  1732 | D:2      | XOM: noise
  1745 | D:2      | Killed Natasha
  2150 | D:3      | Noticed Grinder
  2153 | D:3      | XOM: swap monsters
  2162 | D:3      | XOM: summons 2 hostile demons
  2164 | D:3      | XOM: enchant monster (good)
  2167 | D:3      | Killed Grinder
  2167 | D:3      | Reached XP level 6. HP: 14/49 MP: 6/6
  2171 | D:3      | HP: 1/49 [shadow imp/nerve-wracking pain[Xom] (14)]
  2172 | D:3      | Lost mutation: Your body sometimes deteriorates upon taking
                  | damage. [potion of mutation]
  2172 | D:3      | Lost mutation: You possess an exceptional clarity of mind.
                  | [potion of mutation]
  2172 | D:3      | Lost mutation: Armour fits poorly on your strangely shaped
                  | body. [potion of mutation]
  2172 | D:3      | Gained mutation: Armour fits poorly on your strangely
                  | shaped body. [potion of mutation]
  2172 | D:3      | Gained mutation: You are agile. (Dex +2) [potion of
                  | mutation]
  2172 | D:3      | Gained mutation: Your spells are a little harder to cast,
                  | but a little more powerful. [potion of mutation]
  2175 | D:3      | Killed from afar by a shadow imp

Skill      XL: |  1  2  3  4  5 |
---------------+----------------+-----
Dodging        | 1 2 |  2.4
Fighting       | 4 |  4.7
Stealth        | 1 2 |  2.9
Long Blades    | 4 |  4.8
Armour         | 3 |  3.1

Action                   |  1- 3 |  4- 6 || total
-------------------------+-------+-------++-------
Melee: Falchion          |    64 |    94 ||   158
       Kick              |     1 |     1 ||     2
  Use: Potion            |       |     2 ||     2
 Stab: Confused          |     1 |     2 ||     3
       Paralysed         |       |     5 ||     5
       Petrifying        |       |     1 ||     1
  Eat: Chunk             |       |     3 ||     3
Armor: Leather armour    |    27 |    17 ||    44
Dodge: Dodged            |    66 |    61 ||   127
       Rpst.: Falchion   |    18 |    16 ||    34
